 Dungeon Crawl Stone Soup version 0.31.0-2-g5a2aebc5c2 (webtiles) character file.

Game seed: 6654457448149189982

35 Arctor the Vexing (level 3, 0/21 HPs)
             Began as a Kobold Hexslinger on Jan 20, 2024.
             Slain by an adder (1 damage)
             ... on level 2 of the Dungeon.
             The game lasted 00:00:54 (766 turns).

Arctor the Vexing (Kobold Hexslinger)                Turns: 766, Time: 00:00:54

Health: 0/21       AC:  5    Str:  5    XL:     3   Next: 52%
Magic:  12/14      EV: 15    Int: 14    God:
Gold:   86         SH:  0    Dex: 19    Spells: 3/5 levels left

rFire   . . .        a - +1 sling
rCold   . . .        (no shield)
rNeg    . . .        c - +0 robe
rPois   .            (no helmet)
rElec   .            f - +2 cloak
rCorr   .            (no gloves)
SInv    .            (no boots)
Will    .....        (no amulet)
Stlth   +++          e - ring of magical power
HPRegen 0.23/turn    (no ring)
MPRegen 0.14/turn

%: no passive effects
@: weak-willed, attractive, jinxed
A: small, no large weapons, nightstalker 3
a: no special abilities


You were on level 2 of the Dungeon.
You visited 1 branch of the dungeon, and saw 2 of its levels.

You collected 86 gold pieces.

Inventory:

Hand Weapons
 a - a +1 sling (weapon)
Armour
 c - a +0 robe (worn)
 f - a +2 cloak (worn)
Jewellery
 d - a ring of magical power
 e - a ring of magical power (left hand)
Scrolls
 b - 2 scrolls of poison
Potions
 h - a potion of lignification {unknown}


   Skills:
 + Level 1.7 Fighting
 + Level 3.2 Ranged Weapons
 + Level 2.8 Dodging
 + Level 1.6 Spellcasting
 + Level 3.2 Hexes
 + Level 1.3 Fire Magic


You had 3 spell levels left.
You knew the following spells:

 Your Spells              Type           Power      Damage    Failure   Level
a - Jinxbite              Hex            20%        N/A       10%         2

Your spell library contained the following spells:

 Spells                   Type           Power      Damage    Failure   Level
 Sigil of Binding         Hex            10%        N/A       21%         3
 Inner Flame              Hex/Fire       7%         N/A       28%         3
 Cause Fear               Hex            5%         N/A       54%         4
 Dimensional Bullseye     Hex/Tloc       2%         N/A       77%         4


Dungeon Overview and Level Annotations

Branches:
Dungeon (2/15)

Altars:


Innate Abilities, Weirdness & Mutations

You are small and have problems with some larger weapons.
You are completely attuned to the shadows.


Message History

The adder closely misses you. The endoplasm closely misses you.
The adder misses you.
You are too injured to fight recklessly!
You are too injured to fight recklessly!
Unknown command.
You feel sick.
Casting: Jinxbite (safe; 10% risk of failure)
Confirm with . or Enter, or press ? or * to list all spells.
You don't know that spell.
Sorry, you're not good enough to have a special ability.
Okay, then.
Okay, then.
Casting: Jinxbite (safe; 10% risk of failure)
Confirm with . or Enter, or press ? or * to list all spells.
You beckon some vexing sprites to accompany your attacks.
You feel your willpower being sapped.
You feel sick. The adder misses you. x2
You shoot a sling bullet.
The sling bullet closely misses the adder.
The sling bullet hits the endoplasm but does no damage.
A giggling sprite leaps out and makes the endoplasm trip over its own pseudopods.
The endoplasm is heavily wounded.
You feel sick. The adder misses you.
You shoot a sling bullet.
The sling bullet closely misses the adder.
The sling bullet barely misses the endoplasm.
A giggling sprite leaps out and makes the endoplasm trip over its own pseudopods.
You kill the endoplasm!
You feel sick. The adder closely misses you. x2
You shoot a sling bullet.
The sling bullet barely misses the adder.
You feel sick. The adder bites you.
* * * LOW HITPOINT WARNING * * *
The adder closely misses you.
Unknown command.
It was a potion of attraction.
You feel attractive to monsters.
You feel sick.
You are no longer poisoned.
The adder bites you.
You die...

#.# #.#
####.####
.........
#S# #@#
#.# #.##
#..# ##.#
#.# #.#
#.#
#####.####


You could see an adder.

Vanquished Creatures
  A dart slug (D:1)
  3 ball pythons (D:1)
  4 bats (D:1)
  6 endoplasms
  4 giant cockroaches (D:1)
  2 hobgoblins (D:1)
  3 quokkas (D:1)
  2 frilled lizards
  A kobold (D:1)
  3 rats (D:1)
29 creatures vanquished.

Notes
Turn   | Place    | Note
-------+----------+-------------------------------------------
     0 | D:1      | Arctor the Kobold Hexslinger began the quest for the Orb.
     0 | D:1      | Reached XP level 1. HP: 12/12 MP: 2/2
    96 | D:1      | Reached XP level 2. HP: 16/16 MP: 3/3
   101 | D:1      | Learned a level 2 spell: Jinxbite
   426 | D:1      | Reached XP level 3. HP: 20/20 MP: 5/5
   766 | D:2      | HP: 1/21 [poisoned by an adder]
   766 | D:2      | Slain by an adder

Illustrated notes

Levels and vault maps discovered:
D:1:      wheals_arrival_shading, layout_rooms, minmay_3d_cube
D:2:      layout_loops_ring

Skill      XL: |  1  2 |
---------------+-------+-----
Ranged Weapons | 3 |  3.2
Fighting       | |  1.7
Dodging        | |  2.8
Spellcasting   | |  1.6
Hexes          | |  3.2
Fire Magic     | |  1.3

Action                     || total
---------------------------++-------
   Fire: Sling             ||    82
   Cast: Jinxbite          ||     1
    Use: Potion            ||     2
         Scroll            ||     1
 Armour: Robe              ||    17
  Dodge: Dodged            ||    39
